 Dungeon Sprint DCSS version 0.29-a0-1027-gcd8c55af63 (webtiles) character file.

Game seed: 9453839014746416741

5114 mhtbhm the Imperceptible (level 10, -7/53 HPs)
             Began as a Spriggan Brigand on Aug 13, 2022.
             Was a High Priest of Dithmenos.
             Mangled by a chaos spawn (8 damage)
             ... summoned by an orc high priest
             ... in the Dungeon (Sprint III: "The Ten Rune Challenge").
             The game lasted 00:06:14 (1394 turns).

mhtbhm the Imperceptible (Spriggan Brigand)         Turns: 1394, Time: 00:06:15

Health: -7/53      AC:  7    Str:  7    XL:     10   Next: 32%
Magic:  18/18      EV: 20    Int: 13    God:    Dithmenos [*****.]
Gold:   26         SH:  0    Dex: 21    Spells: 9/9 levels left

rFire   . . .      SeeInvis +   a - +2 dagger
rCold   . . .      Faith    .   (no shield)
rNeg    . . .      Spirit   .   b - +2 troll leather armour {Snorg}
rPois   .          Reflect  .   (helmet restricted)
rElec   .          Harm     .   c - +0 cloak
rCorr   .          Rampage  .   (gloves unavailable)
Will    +....      NoTele   +   (boots unavailable) Stlth ****++++++
                                (no amulet)
HPRegen 0.97/turn               (no ring)
MPRegen 0.16/turn               (no ring)

@: wreathed by umbra, very quick
A: very small, no large weapons, unfitting armour, see invisible, speed 3
a: Renounce Religion, Shadow Step, Shadow Form


You were in the Dungeon.
You worshipped Dithmenos.
Dithmenos was extremely pleased with you.
You visited 1 branch You collected 26 gold pieces.

Inventory:

Hand Weapons
 a - a +2 dagger (weapon)
Missiles
 d - 8 poisoned darts (quivered)
Armour
 b - a +2 troll leather armour (worn) {Snorg}
 c - a +0 cloak (worn)
Scrolls
 k - a scroll of blinking
 m - a scroll of immolation
 p - a scroll of torment
 q - a scroll of amnesia {unknown}
Potions
 h - a potion of haste
 i - 2 potions of magic
 l - 3 potions of mutation {unknown}
 o - a potion of flight {unknown}
 r - 2 potions of resistance {unknown}
Miscellaneous
 t - a phial of floods (inert)


   Skills:
 + Level 6.3 Fighting
 + Level 10.5 Short Blades
 + Level 8.4 Throwing
 + Level 2.8 Armour
 + Level 6.2 Dodging
 + Level 24.6 Stealth
 * Level 10.0 Invocations
 + Level 1.5 Evocations


You had 9 spell levels left.
You didn't know any spells.
Your spell library contained the following spells:

 Spells                   Type           Power      Damage    Failure   Level
 Summon Small Mammal      Summ           0%         N/A       41%         1
 Call Canine Familiar     Summ           0%         N/A       80%         3
 Summon Guardian Golem    Hex/Summ       0%         N/A       80%         3


Dungeon Overview and Level Annotations

Branches:
Dungeon (1/1)

Altars:
Cheibriados
Dithmenos
Elyvilon
Fedhas
Gozag
Hepliaklqana
Kikubaaqudgha
Makhleb
Nemelex Xobeh
Okawaru
Qazlal
Ru
Sif Muna
Trog
Uskayaw
Vehumet
Wu Jian
Xom
Yredelemnul
Zin
The Shining One
Jiyva
Lugonu


Innate Abilities, Weirdness & Mutations

You are very small and have problems with some larger weapons.
You are too small for most types of armour.
You have supernaturally acute eyesight. (SInv)
You cover ground extremely quickly. (Speed+++)


Message History

Beogh smites you!
* * * LOW HITPOINT WARNING * * *
You miss the orc high priest.
The orc high priest is severely wounded.
Your shadow hits the orc high priest but does no damage.
The orc high priest calls upon Beogh to heal the orc high priest.
The orc high priest is healed somewhat.
Unknown command.
Okay, then.
Unknown command.
You hit the orc high priest but do no damage.
The orc high priest is severely wounded.
Unknown command.
Okay, then.
The orc high priest prays to Beogh.
There is an open door here.
There is an open door here.
A chaos spawn is nearby!
Throw: dart (curare)
Press: ? - help, Q - select action, (/) - cycle Shift-Dir - straight line, f/p - orc high priest
Aim: an orc high priest, wielding a +2 scimitar of flaming and wearing a +0 leather armour (severely wounded, very poisoned, slow, umbra, 63% to hit)
Okay, then.
Throw: dart (curare)
Press: ? - help, Q - select action, (/) - cycle Shift-Dir - straight line, f/p - orc high priest
Aim: an orc high priest, wielding a +2 scimitar of flaming and wearing a +0 leather armour (severely wounded, very poisoned, slow, umbra, 63% to hit)
You throw a curare-tipped dart.
The curare-tipped dart hits the orc high priest.
The orc high priest looks as sick as possible!
The orc high priest convulses.
The orc high priest seems to be slow for longer.
The orc high priest is almost dead.
The chaos spawn completely misses you.
The orc high priest starts to sing a prayer.
The orc high priest utters an invocation to Beogh.
Unknown command.
The chaos spawn degenerates into a cloud of primal chaos!
The chaos spawn hits you!
* * * LOW HITPOINT WARNING * * *
The chaos spawn shocks you!
You die...

.#.#§§.#...#...##.#.#.#
▓▓▓▓▓▓▓▓▓▓▓▓▓▓▓#.#.#.#.#
~...)....~~~...##.#.#.##
≈≈≈≈≈≈≈≈≈≈≈♣♣..'.#.#.#.#
♣♣♣♣♣♣♣♣♣♣♣♣♣..##.#.#.##
♣♣♣##4########
#...o§§§≈≈# #.4.#.≈≈≈≈#
#@.)#.#≈≈≈# #####o# ≈≈≈#
#.4..4# ≈§§ #..o.P# §≈§
#((...# ≈§ #.((.)#
#'#####.§. #..o..'...
#.########


You could see an orc high priest (extremely poisoned, slow), a rust devil
(summoned) and a chaos spawn (summoned).

Vanquished Creatures
  Harold (D)
  Snorg (D)
  A centaur warrior (D)
  Joseph (D)
  A deep elf pyromancer (D)
  An unseen horror (D)
  2 orc high priests (D)
  A shadow (D)
  A spatial vortex (D)
  3 wandering mushrooms (D)
  2 centaurs (D)
  An earth elemental (D)
  A necrophage (D)
  A water elemental (D)
  A jelly (D)
  A wizard (D)
  A necromancer (D)
  A kobold demonologist (D)
  3 humans (D)
  A wolf (D)
  An endoplasm (D)
  3 rats (D)
  A ballistomycete spore (D)
31 creatures vanquished.

Vanquished Creatures (others)
  9 plants (D)
9 creatures vanquished.

Grand Total: 40 creatures vanquished

Notes
Turn   | Place    | Note
-------+----------+-------------------------------------------
     0 | D        | mhtbhm the Spriggan Brigand began the quest for the Orb.
     0 | D        | Reached XP level 1. HP: 10/10 MP: 2/2
     9 | D        | Reached skill level 6 in Stealth
    77 | D        | Reached skill level 7 in Stealth
   111 | D        | Reached skill level 9 in Stealth
   111 | D        | Reached XP level 2. HP: 15/15 MP: 3/3
   138 | D        | Reached skill level 10 in Stealth
   138 | D        | Reached XP level 3. HP: 18/18 MP: 4/4
   184 | D        | Noticed a water elemental
   187 | D        | Killed a water elemental
   188 | D        | Reached skill level 12 in Stealth
   188 | D        | Reached XP level 4. HP: 23/23 MP: 5/5
   198 | D        | Found a shadowy altar of Dithmenos.
   198 | D        | Noticed a necrophage
   199 | D        | Found a basalt altar of Yredelemnul.
   199 | D        | Found a sacrificial altar of Ru.
   201 | D        | Reached skill level 13 in Stealth
   201 | D        | Killed a necrophage
   202 | D        | Reached skill level 14 in Stealth
   202 | D        | Reached XP level 5. HP: 28/28 MP: 6/6
   207 | D        | Became a worshipper of Dithmenos the Shadowed
   222 | D        | Found a radiant altar of Vehumet.
   223 | D        | Found a shimmering blue altar of Sif Muna.
   223 | D        | Found an ancient bone altar of Kikubaaqudgha.
   227 | D        | Reached skill level 15 in Stealth
   227 | D        | Reached skill level 1 in Invocations
   233 | D        | Noticed a red devil
   287 | D        | Found a glowing silver altar of Zin.
   288 | D        | Found a glowing golden altar of the Shining One.
   288 | D        | Found a white marble altar of Elyvilon.
   288 | D        | Noticed a deep elf pyromancer
   290 | D        | Killed a deep elf pyromancer
   290 | D        | Reached * piety under Dithmenos
   291 | D        | Reached skill level 5 in Short Blades
   291 | D        | Reached skill level 5 in Throwing
   291 | D        | Reached skill level 18 in Stealth
   291 | D        | Reached XP level 6. HP: 33/33 MP: 7/10
   291 | D        | Reached XP level 7. HP: 37/37 MP: 7/11
   328 | D        | Found a hide-covered altar of Uskayaw.
   328 | D        | Found an iron altar of Okawaru.
   329 | D        | Found a bloodstained altar of Trog.
   329 | D        | Found an ornate altar of the Wu Jian Council.
   329 | D        | Noticed a human
   329 | D        | Noticed a human
   331 | D        | Killed a human
   332 | D        | Reached skill level 19 in Stealth
   332 | D        | Reached skill level 5 in Invocations
   332 | D        | Killed a human
   333 | D        | Reached skill level 20 in Stealth
   349 | D        | Noticed a shadow
   363 | D        | Killed a shadow
   363 | D        | Reached ** piety under Dithmenos
   364 | D        | Reached XP level 8. HP: 42/42 MP: 13/13
   528 | D        | Found a blossoming altar of Fedhas.
   528 | D        | Found a stormy altar of Qazlal.
   529 | D        | Found a snail-covered altar of Cheibriados.
   529 | D        | Found a burning altar of Makhleb.
   529 | D        | Found a hazy altar of Hepliaklqana.
   529 | D        | Found a shimmering altar of Xom.
   529 | D        | Found an opulent altar of Gozag.
   529 | D        | Found a sparkling altar of Nemelex Xobeh.
   529 | D        | Found a corrupted altar of Lugonu.
   529 | D        | Found a viscous altar of Jiyva.
   631 | D        | Noticed Snorg
   635 | D        | Killed Snorg
   636 | D        | Reached skill level 22 in Stealth
   657 | D        | Reached *** piety under Dithmenos
   663 | D        | Noticed a centaur warrior
   673 | D        | Killed a centaur warrior
   674 | D        | Reached skill level 5 in Fighting
   674 | D        | Reached skill level 23 in Stealth
   674 | D        | Reached XP level 9. HP: 47/47 MP: 14/16
   735 | D        | Noticed an unseen horror
   736 | D        | Killed an unseen horror
   736 | D        | Reached **** piety under Dithmenos
   741 | D        | Noticed a wandering mushroom
   751 | D        | Noticed a wandering mushroom
   753 | D        | Noticed a wandering mushroom
  1134 | D        | Killed a wandering mushroom
  1135 | D        | Reached skill level 1 in Armour
  1135 | D        | Reached skill level 5 in Dodging
  1175 | D        | Noticed a cane toad
  1175 | D        | Noticed a komodo dragon
  1175 | D        | Noticed a cane toad
  1220 | D        | Noticed Harold
  1220 | D        | Noticed Joseph
  1222 | D        | Killed Joseph
  1223 | D        | Reached skill level 24 in Stealth
  1276 | D        | Killed Harold
  1277 | D        | Reached skill level 10 in Short Blades
  1277 | D        | Reached skill level 1 in Evocations
  1277 | D        | Reached XP level 10. HP: 43/53 MP: 16/18
  1326 | D        | Reached ***** piety under Dithmenos
  1339 | D        | Reached skill level 10 in Invocations
  1393 | D        | Noticed a rust devil
  1394 | D        | HP: 1/53 [chaos spawn[an orc high priest] (12)]
  1394 | D        | Mangled by a chaos spawn

Illustrated notes

Levels and vault maps discovered:
D:        dungeon_sprint_mu [sprint_mu_entry_forest, sprint_mu_temple_rooms,
          sprint_mu_d1_horrors, sprint_mu_d2_genie, sprint_mu_d3_branching,
          sprint_mu_orc_legion, sprint_mu_elf_gauntlet, sprint_mu_hive_nellie,
          sprint_mu_lair_fedhas, sprint_mu_vaults_butterflies,
          sprint_mu_slime_circle, sprint_mu_swamp_cave, sprint_mu_snake_twists,
          sprint_mu_blade_basic, sprint_mu_crypt_lich, sprint_mu_tomb_spiral,
          sprint_mu_vestibule_basic, sprint_mu_gehenna_hellfire,
          sprint_mu_dis_giant, sprint_mu_tartarus_statrot,
          sprint_mu_cocytus_islands, sprint_mu_zot1]

Skill      XL: |  1  2  3  4  5  6  7  8  9 10 |
---------------+-------------------------------+-----
Stealth        | 9 10 12 14 18 20 23 24 | 24.6
Throwing       | 3 4 5 6 7 8 |  8.4
Fighting       | 2 3 4 5 6 |  6.3
Short Blades   | 3 4 5 6 8 10 | 10.5
Invocations    | 4 5 8 9 10 | 10.0
Dodging        | 3 4 6 |  6.2
Armour         | 2 |  2.8
Evocations     | 1 |  1.5

Action                   |  1- 3 |  4- 6 |  7- 9 | 10-12 || total
-------------------------+-------+-------+-------+-------++-------
Melee: Dagger            |    12 |     9 |   141 |    19 ||   181
       Punch             |       |       |     5 |       ||     5
Throw: Dart              |     5 |     3 |    12 |    10 ||    30
Invok: Shadow Step       |       |       |     1 |       ||     1
Evoke: Phial of floods   |       |       |     1 |     1 ||     2
  Use: Potion            |       |       |     7 |     1 ||     8
       Scroll            |       |       |     2 |       ||     2
 Stab: Sleeping          |     4 |     3 |     7 |       ||    14
       Distracted        |       |       |     1 |     2 ||     3
Armor: Robe              |     1 |       |       |       ||     1
       Troll leather arm |       |       |     9 |       ||     9
Dodge: Dodged            |     4 |     2 |    85 |     7 ||    98

Table legend: (Time is in decaauts)
 A = Elapsed time spent in this place.
 B = Non-inter-level travel time spent in this place.
 C = Inter-level travel time spent in this place.
 D = Time resting spent in this place.
 E = Time spent auto-exploring this place.
 F = Levels seen in this place.
 G = Mean time per level.
                   A        B        C        D        E       F      G
               +--------+--------+--------+--------+--------+-----+--------+
         Total |   1148 |   1148 |      0 |    654 |      0 |   1 | 1148.0 |
       Dungeon |   1148 |   1148 |      0 |    654 |      0 |   1 | 1148.0 |
               +--------+--------+--------+--------+--------+-----+--------+

Top non-repeatable levels by time:
       D: 1148 daAuts
